 Dungeon Crawl Stone Soup version 0.27.1-37-g7b29ead8ac (console) character file.

Game seed: 12827951608614892075

543 grimtooth the Conjurer (level 7, 0/36 HPs)
             Began as a Deep Elf Hedge Wizard on July 24, 2023.
             Was an Initiate of Sif Muna.
             Slain by a sky beast (6 damage)
             ... on level 6 of the Dungeon on July 25, 2023.
             The game lasted 00:15:23 (6215 turns).

grimtooth the Conjurer (Deep Elf Hedge Wizard)      Turns: 6215, Time: 00:15:24

Health: 0/36       AC:  3    Str:  8    XL:     7   Next: 6%
Magic:  1/16       EV: 12    Int: 20    God:    Sif Muna [......]
Gold:   219        SH:  0    Dex: 14    Spells: 10/15 levels left

rFire    + . .     SeeInvis .   a - +0 dagger (elec)
rCold    . . .     Faith    .   (no shield)
rNeg     . . .     Spirit   .   b - +0 robe
rPois    .         Reflect  .   k - +1 hat
rElec    .         Harm     .   (no cloak)
rCorr    .         Rampage  .   (no gloves)
Will     .....                  (no boots)
Stlth    +++.......             s - amulet of the acrobat
HPRegen  0.12/turn              i - ring of protection from fire
MPRegen  0.15/turn              (no ring)

@: very slightly contaminated
A: no striking features
a: Renounce Religion


You were on level 6 of the Dungeon.
You worshipped Sif Muna.
Sif Muna was noncommittal.
You visited 2 branches of the dungeon, and saw 7 of its levels.

You collected 219 gold pieces.

Inventory:

Hand Weapons
 a - a +0 dagger of electrocution (weapon)
Missiles
 e - 40 stones (quivered)
 h - 7 javelins
 q - 4 poisoned darts
Armour
 b - a +0 robe (worn)
 k - a +1 hat (worn)
Jewellery
 i - a ring of protection from fire (left hand)
 s - an amulet of the acrobat (around neck)
Wands
 o - a wand of flame (9)
 u - a wand of paralysis (13)
Scrolls
 g - a scroll of immolation {unknown}
 j - 2 scrolls of teleportation
 l - a scroll of enchant armour {unknown}
 m - a scroll of torment {unknown}
 p - 3 scrolls of identify {@r4}
 r - a scroll of fear {unknown}
Potions
 c - 2 potions of brilliance {unknown}
 d - a potion of mutation {unknown}
 f - 2 potions of haste {unknown}
 n - a potion of flight {unknown}
 t - a potion of curing


   Skills:
 - Level 2.4 Dodging
 - Level 6.0 Stealth
 + Level 4.7 Spellcasting
 - Level 6.0 Conjurations
 * Level 2.1 Summonings
 * Level 2.1 Translocations


You had 10 spell levels left.
You knew the following spells:

 Your Spells              Type           Power      Damage    Failure   Level
a - Magic Dart            Conj           100%       1d8       1%          1
k - Blink                 Tloc           N/A        N/A       8%          2
P - Call Imp              Summ           13%        N/A       8%          2

Your spell library contained the following spells:

 Spells                   Type           Power      Damage    Failure   Level
 Conjure Flame            Conj/Fire      16%        6-21      11%         3
 Mephitic Cloud           Conj/Pois/Air  12%        N/A       16%         3
 Slow                     Hex            4%         N/A       19%         2
 Confusing Touch          Hex            4%         N/A       34%         3
 Ignite Poison            Fire/Tmut/Pois 4%         N/A       34%         3
 Vampiric Draining        Necr           2%         2d6       34%         3
 Sticky Flame             Conj/Fire      16%        2d4       34%         4
 Leda's Liquefaction      Hex/Erth       2%         N/A       75%         4
 Bolt of Magma            Conj/Fire/Erth 6%         4d6       82%         5
 Statue Form              Tmut/Erth      2%         N/A       100%        6


Dungeon Overview and Level Annotations

Branches:
Dungeon (6/15)             Temple (1/1) D:5

Altars:
Dithmenos
Sif Muna
Xom
Zin
The Shining One

Annotations:
D:2 Terence
D:3 exclusion: 2 iguanas
D:6 exclusion: centaur


Message History

t - a potion of curing
Casting: Blink (safe; 8% risk of failure)
Confirm with . or Enter, or press ? or * to list all spells.
You blink.
Something barely misses your crimson imp.
Found a scroll of identify and a buckler.
Your crimson imp disappears in a puff of smoke!
Casting: Blink (safe; 8% risk of failure)
Confirm with . or Enter, or press ? or * to list all spells.
You miscast Call Imp.
You are very lightly contaminated with residual magic.
Nothing appears to happen.
Your iron imp disappears in a puff of smoke!
Casting: Call Imp (safe; 8% risk of failure)
Confirm with . or Enter, or press ? or * to list all spells.
You don't have enough magic to cast this spell.
Aiming: Throw Flame
Press: ? - help, Shift-Dir - straight line, f - you The puff of flame hits something.
A sky beast appears from thin air!
Reactivating autopickup.
Press: ? - help, v - describe, . - travel
Here: a sky beast (almost dead)
The floor.
Aiming: Throw Flame
Press: ? - help, Shift-Dir - straight line, f/p - sky beast
Aim: a sky beast (almost dead, 56% to hit)
The puff of flame misses the sky beast.
The sky beast hits you. The sky beast shocks you.
* * * LOW HITPOINT WARNING * * *
Aiming: Throw Flame
Press: ? - help, Shift-Dir - straight line, f/p - sky beast
Aim: a sky beast (almost dead, 56% to hit)
The puff of flame hits the sky beast but does no damage.
The sky beast is almost dead.
The sky beast flickers out of sight!
Deactivating autopickup; reactivate with Ctrl-A.
Something hits you.
* * * LOW HITPOINT WARNING * * *
Something shocks you.
You die...

# #...$..... #.
####.....#### .###
#..........# ..#
#..........# #.#
#..........#
###.###...§...>..#
#.......##########
#.......#
#[.?≈...#
#..{....#
#.@.....#
######+##


There were no monsters in sight!

Vanquished Creatures
  A bullfrog (D:6)
  A centaur zombie (D:5)
  A hound (D:4)
  A jelly (D:5)
  A bullfrog skeleton (D:5)
  2 centaur skeletons
  2 iguanas
  A hound zombie (D:5)
  A hound skeleton (D:4)
  A howler monkey zombie (D:5)
  A worm (D:3)
  2 dart slugs (D:1)
  5 orcs
  3 endoplasms
  2 giant cockroaches
  4 goblins
  3 hobgoblins
  2 jackals (D:1)
  3 kobolds
  A quokka (D:3)
  6 ball pythons
  4 bats
  3 frilled lizards
  3 rats
54 creatures vanquished.

Vanquished Creatures (collateral kills)
  A sky beast (D:5)
  A scorpion (D:5)
  A water moccasin zombie (D:5)
  An orc priest (D:5)
  An iguana (D:5)
5 creatures vanquished.

Vanquished Creatures (others)
  7 toadstools (D:1)
7 creatures vanquished.

Grand Total: 66 creatures vanquished

Notes
Turn   | Place    | Note
-------+----------+-------------------------------------------
     0 | D:1      | grimtooth the Deep Elf Hedge Wizard began the quest for the
                  | Orb.
     0 | D:1      | Reached XP level 1. HP: 10/10 MP: 7/7
   525 | D:1      | Reached XP level 2. HP: 15/15 MP: 3/9
  1411 | D:2      | Noticed Terence
  1615 | D:2      | Learned a level 2 spell: Blink
  1618 | D:2      | Learned a level 2 spell: Call Imp
  1923 | D:3      | Reached XP level 3. HP: 19/19 MP: 5/10
  1971 | D:3      | Found a shimmering blue altar of Sif Muna.
  1992 | D:3      | Became a worshipper of Sif Muna the Loreminder
  3484 | D:4      | Found a shimmering altar of Xom.
  3524 | D:4      | Reached XP level 4. HP: 24/24 MP: 4/12
  3833 | D:5      | Entered Level 5 of the Dungeon
  3856 | D:5      | Found a staircase to the Ecumenical Temple.
  4102 | Temple   | Entered the Ecumenical Temple
  4199 | D:5      | Reached XP level 5. HP: 28/28 MP: 6/13
  4479 | D:5      | Found a shadowy altar of Dithmenos.
  4500 | D:5      | Reached skill level 5 in Conjurations
  4666 | D:5      | Reached skill level 5 in Stealth
  4795 | D:5      | Noticed a sky beast
  4875 | D:5      | Reached XP level 6. HP: 27/32 MP: 7/14
  5739 | D:5      | Killed a sky beast
  5937 | D:6      | Reached XP level 7. HP: 23/36 MP: 10/16
  6215 | D:6      | Slain by a sky beast

Illustrated notes

Levels and vault maps discovered:
D:1:      nagdon_arrival_double_spiral, layout_loops_ring
D:2:      layout_basic, uniq_jessica, uniq_terence
D:3:      layout_loops_corners, mainiacjoe_overflow_alcove_4
D:4:      layout_rooms, general_overflow_altar, kennysheep_pointless_box
D:5:      layout_basic, nicolae_dithmenos_shadow_blocks,
          minmay_temple_entry_proselytizer
D:6:      layout_basic, mainiacjoe_overflow_catwalk_spiral
Temple:   dpeg_chambers_temple

Skill      XL: |  1  2  3  4  5  6 |
---------------+-------------------+-----
Conjurations   | 2 3 4 5 6 |  6.0
Stealth        | 3 4 5 6 |  6.0
Summonings     | 2 |  2.1
Translocations | 2 |  2.1
Dodging        | |  2.4
Spellcasting   | |  4.7

Action                   |  1- 3 |  4- 6 |  7- 9 || total
-------------------------+-------+-------+-------++-------
Melee: Dagger            |    11 |    28 |     4 ||    43
 Cast: Magic Dart        |   127 |    47 |    12 ||   186
       Call Imp          |       |    25 |     4 ||    29
       Blink             |       |       |     2 ||     2
Evoke: Wand              |       |       |     3 ||     3
  Use: Scroll            |     1 |       |     1 ||     2
 Stab: Sleeping          |       |     4 |       ||     4
Armor: Robe              |     7 |    13 |     2 ||    22
Dodge: Dodged            |    21 |    33 |    10 ||    64
